 Dungeon Crawl Stone Soup version 0.24-a0-134-gd0b080c8eb (webtiles) character file.

Game seed: 1070424386283779980

7791 Flugkiller the Cleaver (level 11, -13/56 HPs)
             Began as a Vine Stalker Chaos Knight on Feb 28, 2019.
             Was a Plaything of Xom.
             Mangled by a spiny frog (16 damage)
             ... on level 2 of the Lair of Beasts.
             The game lasted 00:25:37 (11052 turns).

Flugkiller the Cleaver (Vine Stalker Chaos Knight) Turns: 11052, Time: 00:25:37

Health: -13/56     AC:  9    Str: 16 (17) XL:     11   Next: 20%
Magic:  0/12       EV: 13    Int: 12      God:    Xom [.....*]
Gold:   447        SH:  5    Dex: 14 (15) Spells: 10/10 levels left

rFire    + . .     SeeInvis .   j - +0 broad axe
rCold    . . .     Gourm    .   E - +0 buckler
rNeg     . . .     Faith    .   b - +2 leather armour
rPois    .         Spirit   +   (helmet restricted)
rElec    .         Reflect  .   K - +0 cloak
rCorr    .         Harm     .   m - +1 pair of gloves
MR       +++..     Clarity  +   (no boots)
Stlth    ..........             (no amulet)
HPRegen  0.58/turn              p - ring of attention (curse)
MPRegen  0.13/turn              s - ring of wizardry

@: lethally poisoned (-13 -> -17)
A: fangs 3, horns 1, thin metallic scales 1, clarity, deformed body,
deterioration 1, fire resistance 1, magic resistance 2, regeneration 1,
screaming 1, magic shield, antimagic bite, no potion heal 3, rot immunity
a: Renounce Religion


You were on level 2 of the Lair of Beasts.
You worshipped Xom.
You were Xom's teddy bear.
You were not hungry.

You visited 2 branches of the dungeon, and saw 11 of its levels.
You also visited: Ossuary.

You collected 447 gold pieces.

Inventory:

Hand Weapons
 a - a +0 mace of chaos
 j - a +0 broad axe (weapon)
   (You found it on level 5 of the Dungeon)
Missiles
 e - a throwing net (quivered)
 A - 4 javelins
Armour
 b - a +2 leather armour (worn)
 m - a +1 pair of gloves (worn)
   (You found it on level 2 of the Dungeon)
 q - a scarf of resistance
   (You found it on level 8 of the Dungeon)
 x - a +0 plate armour
   (You found it on level 4 of the Dungeon)
 y - a +0 chain mail
   (You found it on level 4 of the Dungeon)
 E - a +0 buckler (worn)
   (You found it on level 6 of the Dungeon)
 K - a +0 cloak (worn)
   (You found it on level 1 of the Lair of Beasts)
Jewellery
 p - a cursed ring of attention (left hand)
   (You found it on level 6 of the Dungeon)
 s - a ring of wizardry (right hand)
   (You found it on level 1 of the Lair of Beasts)
Wands
 C - a wand of polymorph (3)
   (You found it on level 5 of the Dungeon)
 D - a wand of disintegration (7)
   (You found it on level 1 of the Lair of Beasts)
 H - a wand of enslavement (11)
   (You found it on level 1 of the Lair of Beasts)
Scrolls
 f - 5 scrolls of remove curse
 g - a scroll of enchant weapon
 h - 2 scrolls of teleportation
 r - a scroll of magic mapping
 t - 2 scrolls of blinking
 u - 2 scrolls of fog
 w - a scroll of enchant armour
Potions
 d - 2 potions of magic
 i - a potion of might
 k - 3 potions of agility
 l - 3 potions of brilliance
 n - 4 potions of curing
 o - a potion of flight {unknown}
 v - a potion of berserk rage
 z - 2 potions of haste
 B - a potion of mutation
 F - a potion of degeneration {unknown}
 G - 2 potions of lignification
Miscellaneous
 J - a lamp of fire
   (Xom gifted it to you on level 1 of the Lair of Beasts)
Comestibles
 c - 17 rations
 I - a chunk of flesh


   Skills:
 - Level 6.1 Fighting
 + Level 10.9(11.6) Axes
 - Level 6.7(9.7) Maces & Flails
 + Level 4.1 Armour
 + Level 3.8 Dodging
 - Level 4.0 Shields


You had 10 spell levels left.
You didn't know any spells.
Your spell library contained the following spells:

 Spells                   Type           Power        Failure   Level  Hunger
 Animate Skeleton         Necr           N/A          16%         1    ##.....
 Confusing Touch          Hex            #.....       16%         1    ##.....
 Pain                     Necr           #...         16%         1    ##.....
 Summon Small Mammal      Summ           #...         16%         1    ##.....
 Call Imp                 Summ           #.......     24%         2    ###....
 Call Canine Familiar     Summ           #.......     41%         3    ####...
 Confuse                  Hex            #.......     41%         3    ####...
 Gell's Gravitas          Tloc           #.........   41%         3    ####...
 Regeneration             Chrm/Necr      #.........   41%         3    ####...
 Summon Guardian Golem    Hex/Summ       #.......     41%         3    ####...
 Vampiric Draining        Necr           #.........   41%         3    ####...
 Animate Dead             Necr           N/A          80%         4    #####..
 Petrify                  Tmut/Erth      #.......     80%         4    #####..
 Summon Ice Beast         Ice/Summ       #.......     80%         4    #####..
 Summon Lightning Spire   Summ/Air       #.......     80%         4    #####..
 Bolt of Magma            Conj/Fire/Erth #.........   98%         5    ######.
 Iskenderun's Battlesphe  Conj/Chrm      #.......     98%         5    ######.
 Metabolic Englaciation   Hex/Ice        #.........   98%         5    ######.
 Venom Bolt               Conj/Pois      #.........   98%         5    ######.
 Yara's Violent Unravell  Hex/Tmut       #.........   98%         5    ######.
 Iron Shot                Conj/Erth      #.........   100%        6    #######
 Orb of Destruction       Conj           #.........   100%        7    #######
 Spellforged Servitor     Conj/Summ      #.........   100%        7    #######


Dungeon Overview and Level Annotations

Branches:
Dungeon (9/15)             Temple (0/1) D:4            Lair (2/6) D:9
    Orc (0/2) D:9
  Swamp: Lair:2-4    Shoals: Lair:2-4     Snake: Lair:2-4    Spider: Lair:2-4

Altars:
Elyvilon
Gozag
Xom

Annotations:
D:4 3 runed translucent doors, hemabe's ghost, amateur HuAr
D:7 exclusion: downstairs


Innate Abilities, Weirdness & Mutations

You have razor-sharp teeth.
Your natural rate of healing is unusually fast.
When hurt, damage is shared between your health and your magic reserves.
Your bite disrupts and absorbs the magic of your enemies.
Potions cannot restore your health.
You are immune to rotting.
You have a pair of small horns on your head.
You are partially covered in thin metallic scales. (AC +2)
You possess an exceptional clarity of mind.
Armour fits poorly on your strangely shaped body.
Your body sometimes deteriorates upon taking damage.
Your flesh is heat resistant. (rF+)
You are highly resistant to hostile enchantments. (MR++)
You occasionally shout uncontrollably at your foes.


Message History

Aim: a spiny frog (unusually resistant, chance to defeat MR: 46%)
Okay, then.
The spiny frog stings you!
Found a scroll labeled ZIXAMO DIEMM and 8 poisoned needles.
You hit the spiny frog but do no damage.
You bite the spiny frog, but do no damage.
The spiny frog closely misses you.
You slash the spiny frog! Your headbutt misses the spiny frog.
You bite the spiny frog, but do no damage.
The spiny frog is moderately wounded.
You block the spiny frog's attack.
You hit the spiny frog.
You headbutt the spiny frog, but do no damage.
Your bite misses the spiny frog.
The spiny frog is heavily wounded.
You block the spiny frog's attack. The spiny frog stings you!!
You are poisoned.
The spiny frog poisons you!
You barely miss the spiny frog. Your headbutt misses the spiny frog.
The spiny frog is heavily wounded.
You feel sick. You block the spiny frog's attack.
Unknown command.
You hit the spiny frog but do no damage.
Your headbutt misses the spiny frog.
The spiny frog is heavily wounded.
You feel sick. The spiny frog stings you!
* * * LOW HITPOINT WARNING * * *
Your body deteriorates!
You feel clumsy.
You hit the spiny frog but do no damage.
You headbutt the spiny frog, but do no damage.
Your bite misses the spiny frog.
The spiny frog is heavily wounded.
You feel sick. The spiny frog barely misses you.
Unknown command.
You hit the spiny frog but do no damage.
Your headbutt misses the spiny frog. You bite the spiny frog.
You drain its power.
You feel invigorated.
The spiny frog is heavily wounded.
You feel sick.
The spiny frog stings you but does no damage.
Unknown command.
You hit the spiny frog.
You bite the spiny frog, but do no damage.
The spiny frog is heavily wounded.
You feel sick. The spiny frog stings you!
* * * LOW HITPOINT WARNING * * *
Your body deteriorates!
You feel weakened. The spiny frog stings you!!
You die...
Xom chortles!

..(.....#..?.
....$......#.
............#
..........$.#
...........P#
...........##
.......F....#
........@..#
.........รท.#
.........###
........##
.......##
#....## #P#..
# ##


You could see a spiny frog.

Vanquished Creatures
  Fannar (Lair:1)
  A black mamba (Lair:1)
  3 polar bears (Lair:1)
  A tyrant leech (Lair:1)
  A dream sheep (shapeshifter) (D:8)
  A hog (D:7)
  A yak (D:7)
  Eustachio (D:5)
  A human (D:7)
  A hungry ghost (D:7)
  2 water moccasins
  3 porcupines
  3 black bears
  3 ice beasts
  A sky beast (D:5)
  A necrophage (D:7)
  5 ogres
  A crocodile (Lair:1)
  4 centaurs
  5 elf zombies (Ossuary)
  4 bullfrogs
  2 elf skeletons (D:7)
  3 scorpions
  3 crimson imps
  5 centaur zombies
  A howler monkey (D:4)
  4 jellies
  2 bullfrog zombies
  4 human zombies
  8 orc priests
  4 hounds
  An iguana (D:5)
  10 orc wizards
  A bullfrog skeleton (D:4)
  A human skeleton (D:7)
  2 worker ants (D:4)
  Natasha (D:2)
  3 mummies (Ossuary)
  7 gnolls
  A howler monkey skeleton (D:5)
  14 adders
  An ooze (D:2)
  An adder zombie (D:5)
  2 adder skeletons
  2 worms
  A dart slug (D:2)
  4 leopard geckos
  26 orcs
  7 giant cockroaches
  11 goblins
  3 hobgoblins
  11 jackals
  3 quokkas
  13 bats
  5 frilled lizards
  4 kobolds
  3 leopard gecko skeletons (D:4)
  2 orc skeletons (D:7)
  7 rats
227 creatures vanquished.

Vanquished Creatures (collateral kills)
  An ugly thing (D:8)
  2 hogs (D:7)
  An orc warrior (D:8)
  A black bear (Lair:1)
  A phantom (D:8)
  An orc priest (D:8)
  An orc (D:7)
8 creatures vanquished.

Vanquished Creatures (others)
  6 plants
6 creatures vanquished.

Grand Total: 241 creatures vanquished

Notes
Turn   | Place    | Note
-------+----------+-------------------------------------------
     0 | D:1      | Flugkiller the Vine Stalker Chaos Knight began the quest
                  | for the Orb.
     0 | D:1      | Reached XP level 1. HP: 11/11 MP: 2/2
   232 | D:1      | XOM: divination: magic mapping
   287 | D:1      | Reached XP level 2. HP: 11/16 MP: 3/3
   486 | D:1      | XOM: divination: magic mapping
   849 | D:1      | XOM: silly message
   990 | D:1      | Reached XP level 3. HP: 17/20 MP: 2/4
  1225 | D:2      | XOM: silly message
  1351 | D:2      | XOM: harmless Chrm miscast
  1416 | D:2      | Noticed Natasha
  1423 | D:2      | XOM: potion effect (might)
  1424 | D:2      | XOM: potion effect (might)
  1426 | D:2      | Killed Natasha
  1426 | D:2      | Gained mutation: Your natural rate of healing is unusually
                  | fast. [Vine Stalker growth]
  1426 | D:2      | Reached XP level 4. HP: 24/25 MP: 3/5
  1450 | D:2      | XOM: harmless Necr miscast
  1993 | D:3      | Reached XP level 5. HP: 29/29 MP: 6/6
  2500 | D:4      | Found a staircase to the Ecumenical Temple.
  2554 | D:4      | XOM: potion effect (might)
  2634 | D:4      | Reached XP level 6. HP: 27/34 MP: 5/7
  2668 | D:4      | Found a runed translucent gate.
  2674 | D:4      | Noticed hemabe's ghost (amateur HuAr)
  2675 | D:4      | Found a runed translucent gate.
  2676 | D:4      | Found a runed translucent gate.
  2679 | D:4      | Identified the +4 dagger of Innocence {drain, Fragile rN+
                  | Dex+7}
  2861 | D:4      | Reached skill level 5 in Maces & Flails
  2862 | D:4      | XOM: harmless Summ miscast
  2904 | D:4      | XOM: silly message
  3005 | D:4      | XOM: divination: detect creatures
  3188 | D:5      | Entered Level 5 of the Dungeon
  3221 | D:5      | Noticed Eustachio
  3228 | D:5      | XOM: potion effect (might)
  3279 | D:5      | XOM: potion effect (agility)
  3295 | D:5      | XOM: potion effect (invisibility)
  3298 | D:5      | XOM: potion effect (invisibility)
  3300 | D:5      | Killed Eustachio
  3300 | D:5      | Reached skill level 5 in Fighting
  3300 | D:5      | Reached XP level 7. HP: 39/39 MP: 8/8
  3344 | D:5      | XOM: silly message
  3523 | D:5      | XOM: butterfly on damage
  3700 | D:5      | XOM: harmless Tmut miscast
  3762 | D:5      | XOM: divination: detect creatures
  3858 | D:5      | XOM: harmless Pois miscast
  3992 | D:5      | XOM: harmless Ice miscast
  4096 | D:6      | XOM: stealth player
  4105 | D:6      | Got a faintly glowing spear
  4391 | D:6      | XOM: potion effect (agility)
  4398 | D:6      | XOM: harmless Pois miscast
  4408 | D:6      | XOM: swap monsters
  4454 | D:5      | Identified a scroll of acquirement
  4462 | D:5      | Identified the cursed +1 spear of Duf Uru {pain, rElec rF-
                  | Dex+3} (You found it on level 6 of the Dungeon)
  4524 | D:6      | XOM: summons 3 hostile demons
  4525 | D:6      | Noticed a hellwing
  4790 | D:6      | XOM: cleaving
  4793 | D:6      | XOM: noise
  4910 | D:6      | XOM: summons 4 hostile shadow creatures
  5054 | D:6      | Gained mutation: You have razor-sharp teeth. [Vine Stalker
                  | growth]
  5054 | D:6      | Reached XP level 8. HP: 41/44 MP: 6/9
  5143 | D:6      | Reached skill level 1 in Shields
  5153 | D:6      | Found a white marble altar of Elyvilon.
  5213 | D:6      | XOM: confusion
  5215 | D:6      | XOM: mild Fire miscast
  5303 | D:5      | XOM: summons 1 hostile shadow creature
  5317 | D:5      | XOM: polymorph orc warrior -> sky beast
  5425 | D:6      | Found a white marble altar of Elyvilon.
  5553 | D:6      | XOM: give mutations
  5553 | D:6      | Gained mutation: You occasionally shout uncontrollably at
                  | your foes. [Xom's mischief]
  5553 | D:6      | Gained mutation: Your magical capacity is low. (-10% MP)
                  | [Xom's mischief]
  5553 | D:6      | Gained mutation: Armour fits poorly on your strangely
                  | shaped body. [Xom's mischief]
  5553 | D:6      | Gained mutation: You are weak. (Str -2) [Xom's mischief]
  5838 | D:7      | XOM: harmless Tloc miscast
  5928 | D:7      | Reached skill level 1 in Axes
  6016 | D:7      | XOM: cast spell 'Monstrous Menagerie'
  6087 | D:7      | Reached skill level 2 in Axes
  6217 | D:7      | XOM: 2-stop teleportation journey
  6223 | D:7      | XOM: harmless Erth miscast
  6240 | D:7      | XOM: potion effect (might)
  6336 | D:7      | Reached skill level 3 in Axes
  6366 | D:7      | Reached skill level 4 in Axes
  6366 | D:7      | Reached XP level 9. HP: 48/48 MP: 9/9
  6435 | D:7      | Found a sand-covered staircase.
  6443 | Ossuary  | Entered an ossuary
  6510 | Ossuary  | Reached skill level 5 in Axes
  6575 | Ossuary  | XOM: fog
  6595 | Ossuary  | XOM: swap monsters
  6608 | Ossuary  | Reached skill level 6 in Axes
  6623 | Ossuary  | XOM: confuse monster(s)
  6776 | D:7      | XOM: scenery: create altars
  6844 | D:7      | XOM: give mutation
  6844 | D:7      | Gained mutation: You are resistant to hostile enchantments.
                  | (MR+) [Xom's grace]
  6972 | D:7      | Reached skill level 7 in Axes
  7150 | D:7      | XOM: smoke on damage
  7162 | D:7      | Reached skill level 8 in Axes
  7167 | D:7      | Reached XP level 10. HP: 42/53 MP: 10/10
  7340 | D:8      | Noticed a purple ugly thing
  7464 | D:8      | Noticed a glowing shapeshifter
  7464 | D:8      | a bullfrog changed into a glowing shapeshifter
  7464 | D:8      | a glowing shapeshifter changed into a slime creature
  7465 | D:8      | Noticed an eye of devastation
  7465 | D:8      | a slime creature changed into an eye of devastation
  7609 | D:8      | XOM: god gift: ration
  7630 | D:8      | Noticed a deep troll
  7642 | D:8      | Noticed a fire crab
  7643 | D:8      | Noticed a glowing shapeshifter
  7643 | D:8      | a fire crab changed into a glowing shapeshifter
  7643 | D:8      | a glowing shapeshifter changed into a swamp worm
  7645 | D:8      | Noticed a wolf spider
  7645 | D:8      | a swamp worm changed into a wolf spider
  7646 | D:8      | Noticed a glowing shapeshifter
  7646 | D:8      | a wolf spider changed into a glowing shapeshifter
  7646 | D:8      | Noticed a cyclops
  7646 | D:8      | a glowing shapeshifter changed into a cyclops
  7647 | D:8      | Noticed a glowing shapeshifter
  7647 | D:8      | a cyclops changed into a glowing shapeshifter
  7647 | D:8      | Noticed a manticore
  7647 | D:8      | a glowing shapeshifter changed into a manticore
  7648 | D:8      | Noticed a glowing shapeshifter
  7648 | D:8      | a manticore changed into a glowing shapeshifter
  7648 | D:8      | Noticed a shock serpent
  7648 | D:8      | a glowing shapeshifter changed into a shock serpent
  7649 | D:8      | Noticed a glowing shapeshifter
  7649 | D:8      | a shock serpent changed into a glowing shapeshifter
  7649 | D:8      | Noticed a wolf spider
  7649 | D:8      | a glowing shapeshifter changed into a wolf spider
  7650 | D:8      | Noticed a glowing shapeshifter
  7650 | D:8      | a wolf spider changed into a glowing shapeshifter
  7650 | D:8      | Noticed a shock serpent
  7650 | D:8      | a glowing shapeshifter changed into a shock serpent
  7651 | D:8      | Noticed a glowing shapeshifter
  7651 | D:8      | a shock serpent changed into a glowing shapeshifter
  7651 | D:8      | Noticed an elephant
  7651 | D:8      | a glowing shapeshifter changed into an elephant
  7652 | D:8      | Noticed a glowing shapeshifter
  7652 | D:8      | an elephant changed into a glowing shapeshifter
  7652 | D:8      | Noticed a shining eye
  7652 | D:8      | a glowing shapeshifter changed into a shining eye
  7653 | D:8      | Noticed a glowing shapeshifter
  7653 | D:8      | a shining eye changed into a glowing shapeshifter
  7654 | D:8      | Noticed a glowing orange brain
  7654 | D:8      | a glowing shapeshifter changed into a glowing orange brain
  7657 | D:8      | Noticed a swamp dragon
  7657 | D:8      | a glowing orange brain changed into a swamp dragon
  7661 | D:8      | Noticed an eye of devastation
  7661 | D:8      | a swamp dragon changed into an eye of devastation
  7664 | D:8      | Noticed a glowing shapeshifter
  7664 | D:8      | an eye of devastation changed into a glowing shapeshifter
  7664 | D:8      | Noticed a death drake
  7664 | D:8      | a glowing shapeshifter changed into a death drake
  7665 | D:8      | Noticed a glowing shapeshifter
  7665 | D:8      | a death drake changed into a glowing shapeshifter
  7665 | D:8      | Noticed a water nymph
  7665 | D:8      | a glowing shapeshifter changed into a water nymph
  7666 | D:8      | Noticed a glowing shapeshifter
  7666 | D:8      | a water nymph changed into a glowing shapeshifter
  7666 | D:8      | a glowing shapeshifter changed into a snapping turtle
  7667 | D:8      | Noticed a glowing shapeshifter
  7667 | D:8      | a snapping turtle changed into a glowing shapeshifter
  7667 | D:8      | a glowing shapeshifter changed into a dream sheep
  7776 | D:8      | Reached skill level 9 in Axes
  7841 | D:8      | XOM: mild Air miscast
  7852 | D:8      | Xom revived you
  7874 | D:8      | XOM: summons friendly ufetubus
  8017 | D:8      | Found an opulent altar of Gozag.
  8029 | D:8      | Killed a purple ugly thing
  8137 | D:8      | XOM: give mutations
  8137 | D:8      | Gained mutation: You are partially covered in thin metallic
                  | scales. (AC +2) [Xom's grace]
  8137 | D:8      | Gained mutation: Your flesh is heat resistant. (rF+) [Xom's
                  | grace]
  8573 | D:9      | Found a staircase to the Orcish Mines.
  8575 | D:9      | XOM: god gift: 11 stones
  8917 | D:9      | Reached skill level 10 in Axes
  8955 | D:9      | Found a staircase to the Lair.
  8986 | D:9      | XOM: god gift: 8 silver javelins
  9080 | D:9      | XOM: give mutations
  9080 | D:9      | Gained mutation: Your body sometimes deteriorates upon
                  | taking damage. [Xom's mischief]
  9080 | D:9      | Gained mutation: You have a pair of small horns on your
                  | head. [Xom's mischief]
  9155 | D:9      | XOM: medium Conj miscast
  9157 | D:9      | XOM: medium Hex miscast
  9159 | D:9      | Reached skill level 1 in Dodging
  9224 | D:9      | XOM: scenery: 1 doors open, 2 doors close
  9226 | D:9      | XOM: cleaving
  9309 | D:9      | Noticed a death knight
  9423 | D:9      | XOM: confusion
  9603 | D:9      | XOM: potion effect (invisibility)
  9604 | D:9      | XOM: summons 2 friendly demons
  9615 | D:9      | XOM: enchant monster (bad)
  9687 | D:9      | XOM: enchant monster (good)
  9747 | Lair:1   | Entered Level 1 of the Lair of Beasts
  9823 | Lair:1   | Noticed Fannar
  9841 | Lair:1   | XOM: cleaving
  9857 | Lair:1   | Killed Fannar
  9966 | Lair:1   | Noticed a black mamba
  9967 | Lair:1   | XOM: enchant monster (good)
  9971 | Lair:1   | XOM: give mutations
  9971 | Lair:1   | Gained mutation: You possess an exceptional clarity of
                  | mind. [Xom's grace]
  9971 | Lair:1   | Gained mutation: You are highly resistant to hostile
                  | enchantments. (MR++) [Xom's grace]
  9975 | Lair:1   | Noticed a seven-headed hydra
  9977 | Lair:1   | Killed a black mamba
  9977 | Lair:1   | Reached XP level 11. HP: 46/56 MP: 10/10
  9994 | Lair:1   | XOM: destruction
 10021 | Lair:1   | XOM: harmless Erth miscast
 10050 | Lair:1   | XOM: confuse monster(s)
 10061 | Lair:1   | XOM: 3-stop teleportation journey
 10115 | Lair:1   | XOM: give mutations
 10115 | Lair:1   | Lost mutation: You are weak. (Str -2) [Xom's mischief]
 10115 | Lair:1   | Lost mutation: Your magical capacity is low. (-10% MP)
                  | [Xom's mischief]
 10163 | Lair:1   | Noticed an eight-headed hydra
 10185 | Lair:1   | XOM: medium Necr miscast
 10187 | Lair:1   | Noticed an emperor scorpion
 10187 | Lair:1   | an eight-headed hydra changed into an emperor scorpion
 10187 | Lair:1   | XOM: polymorph eight-headed hydra -> emperor scorpion
 10298 | Lair:1   | XOM: summons 6 friendly demons
 10316 | Lair:1   | XOM: enchant monster (good)
 10322 | Lair:1   | XOM: harmless Conj miscast
 10348 | Lair:1   | XOM: harmless Fire miscast
 10398 | Lair:1   | XOM: cast spell 'Cause Fear'
 10527 | Lair:1   | Noticed a great orb of eyes
 10527 | Lair:1   | a seven-headed hydra changed into a great orb of eyes
 10527 | Lair:1   | XOM: polymorph seven-headed hydra -> great orb of eyes
 10535 | Lair:1   | a great orb of eyes changed into a tyrant leech
 10535 | Lair:1   | XOM: polymorph great orb of eyes -> tyrant leech
 10538 | Lair:1   | XOM: destruction
 10539 | Lair:1   | XOM: confuse monster(s)
 10548 | Lair:1   | XOM: fake destruction
 10682 | Lair:1   | XOM: scenery: 1 doors open
 10715 | Lair:1   | XOM: fake destruction
 10724 | Lair:1   | XOM: polymorph polar bear -> black bear
 10725 | Lair:1   | XOM: cleaving
 10736 | Lair:1   | XOM: god gift: lamp of fire
 11037 | Lair:2   | XOM: 1-stop teleportation journey
 11040 | Lair:2   | XOM: enchant monster (bad)
 11052 | Lair:2   | Mangled by a spiny frog

Levels and vault maps discovered:
D:1:      evilmike_arrival_rings, layout_basic
D:2:      layout_loops_ring, uniq_natasha
D:3:      layout_loops_ring
D:4:      layout_rooms, minmay_temple_entry_butterflies,
          gammafunk_ghost_nasty_kobolds, serial_bayou, serial_bayou_shore_b,
          serial_bayou_pond_a, serial_bayou_lake_a, serial_bayou_pond_a,
          uniq_crazy_yiuf_cottage
D:5:      layout_gridville, first_ration, lemuel_statue_altar, uniq_eustachio
D:6:      layout_loops_cross, kennysheep_mini_moat
D:7:      layout_basic, nicolae_ossuary_entry_catacombs, grunt_livestock
D:8:      layout_basic, grunt_gozag_statues
D:9:      layout_roguey, lair_entry_dummy, david_orc_2
Lair:1:   beast_lair_carwin_large_2, layout_chaotic_city, uniq_fannar
Lair:2:   layout_cave_pods, swamp_mist
Ossuary:  ossuary_minmay_four_chambers

Skill      XL: |  1  2  3  4  5  6  7  8  9 10 11 |
---------------+----------------------------------+-----
Fighting       | 3 4 5 6 |  6.1
Maces & Flails | 3 4 5 6 |  6.7
Shields        | 4 |  4.0
Axes           | 4 8 10 | 10.9
Dodging        | 3 |  3.8
Armour         | 3 4 |  4.1

Action                   |  1- 3 |  4- 6 |  7- 9 | 10-12 || total
-------------------------+-------+-------+-------+-------++-------
Melee: Mace              |   117 |   101 |   391 |    82 ||   691
       Bite              |    23 |    21 |   132 |    94 ||   270
       Unarmed           |       |    17 |       |       ||    17
       Broad axe         |       |       |       |   231 ||   231
       Headbutt          |       |       |       |    31 ||    31
Evoke: Wand              |       |       |     2 |    16 ||    18
  Use: Scroll            |       |       |    18 |     5 ||    23
       Potion            |       |       |     2 |     3 ||     5
 Stab: Sleeping          |     1 |     1 |     1 |       ||     3
       Paralysed         |       |     2 |    13 |     1 ||    16
       Invisible         |       |     1 |       |       ||     1
       Petrified         |       |       |     3 |       ||     3
       Confused          |       |       |     3 |     2 ||     5
  Eat: Chunk             |     2 |     5 |     8 |     6 ||    21
       Ration            |       |       |     2 |     2 ||     4
Armor: Leather armour    |    59 |    34 |    88 |    91 ||   272
       Scale mail        |       |     3 |       |       ||     3
       Skin              |       |     1 |       |       ||     1
Dodge: Dodged            |    92 |    92 |   167 |   165 ||   516
Block: Buckler           |       |       |    46 |    64 ||   110

Table legend:
 A = Non-vault XP
 B = Vault XP
 C = Vault XP percentage of total XP
 D = Non-vault monster count
 E = Vault monster count
 F = Vault count percentage of total count
                 A         B        C        D         E       F
            +---------+---------+-------+---------+---------+-------
      Total |    6756 |    4374 |  39.3 |     192 |      43 |  18.3
            +---------+---------+-------+---------+---------+-------
        D:1 |      35 |       0 |   0.0 |      24 |       0 |   0.0
        D:2 |      68 |      36 |  34.6 |      21 |       1 |   4.5
        D:3 |      83 |       0 |   0.0 |      19 |       0 |   0.0
        D:4 |     197 |       0 |   0.0 |      11 |       0 |   0.0
        D:5 |     513 |     197 |  27.7 |       8 |       1 |  11.1
        D:6 |     515 |       0 |   0.0 |      20 |       0 |   0.0
        D:7 |    1190 |    1010 |  45.9 |      34 |      11 |  24.4
        D:8 |    1535 |       6 |   0.4 |      21 |       2 |   8.7
        D:9 |    1252 |      18 |   1.4 |      26 |       6 |  18.8
     Lair:1 |    1287 |    2284 |  64.0 |       7 |       7 |  50.0
     Lair:2 |      81 |       0 |   0.0 |       1 |       0 |   0.0
    Ossuary |       0 |     823 | 100.0 |       0 |      15 | 100.0
            +---------+---------+-------+---------+---------+-------
